 Dungeon Crawl Stone Soup version 0.29.1-4-g47bece8355 (webtiles) character file.

Game seed: 12557969454443309134

2038 CungeonDrawl the Thaumaturge (level 9, -3/66 HPs)
             Began as a Djinni Air Elementalist on Dec 9, 2022.
             Slain by a killer bee (4 damage)
             ... on level 7 of the Dungeon on Dec 11, 2022.
             The game lasted 00:41:55 (9927 turns).

CungeonDrawl the Thaumaturge (DjAE)                 Turns: 9927, Time: 00:41:56

Health: -3/66      AC:  3    Str:  7    XL:     9   Next: 48%
Gold:   108        EV: 12    Int: 21    God:
                   SH:  0    Dex: 14

rFire   + + .      SeeInvis .   (no weapon)
rCold   x . .      Faith    .   (no shield)
rNeg    . . .      Spirit   .   a - +0 robe
rPois   ∞          Reflect  .   b - +0 helmet
rElec   .          Harm     .   (no cloak)
rCorr   .          Rampage  .   (no gloves)
Will    .....                   (boots unavailable)
Stlth   ++........              (no amulet)
HPRegen 0.21/turn               (no ring)
MPRegen 0.00/turn               (no ring)

@: flying
A: sickness immunity, fire resistance 2, cold vulnerability 1, float, innate
caster, HP casting, extra vitality 1
a: no special abilities


You were on level 7 of the Dungeon.
You visited 1 branch of the dungeon, and saw 7 of its levels.
You also visited: Sewer.

You collected 306 gold pieces.
You spent 198 gold pieces at shops.

Inventory:

Missiles
 f - 3 curare-tipped darts
 B - 4 atropa-tipped darts
Armour
 a - a +0 robe (worn)
 b - a +0 helmet (worn)
 r - a +2 scale mail of cold resistance
Wands
 l - a wand of polymorph (22)
 y - a wand of flame (3)
Scrolls
 d - 2 scrolls of butterflies
 g - 2 scrolls of noise
 h - a scroll of teleportation
 k - 2 scrolls of magic mapping {unknown}
 o - a scroll of poison {unknown}
 q - 4 scrolls of amnesia
 t - 4 scrolls of fear {unknown}
 u - a scroll of enchant armour {unknown}
 v - a scroll of immolation
 x - a scroll of acquirement {unknown}
Potions
 c - a potion of lignification {unknown}
 e - 2 potions of mutation
 i - a potion of degeneration {unknown}
 j - 2 potions of heal wounds
 m - 3 potions of attraction
 n - 2 potions of might {unknown}
 p - a potion of invisibility
 s - a potion of brilliance {unknown}
 w - a potion of haste {unknown}
 z - 2 potions of curing {unknown}


   Skills:
 * Level 6.1 Fighting
 - Level 2.3 Dodging
 - Level 1.7 Stealth
 - Level 8.0 Spellcasting


You had 5 spell levels left.
You knew the following spells:

 Your Spells              Type           Power      Damage    Failure   Level
a - Shock                 Conj/Air       100%       1d9       1%          1
b - Static Discharge      Conj/Air       42%        3-9/arc   1%          2
c - Swiftness             Air            42%        N/A       1%          3
d - Airstrike             Air            21%        2d(3-19)  2%          4
e - Beastly Appendage     Tmut           84%        N/A       1%          1
f - Blink                 Tloc           84%        N/A       1%          2
g - Summon Guardian Gole  Hex/Summ       42%        N/A       1%          3
h - Confusing Touch       Hex            42%        N/A       1%          3
Your spell library was empty.

Dungeon Overview and Level Annotations

Branches:
Dungeon (7/15)              Sewer (visited)
 Temple: D:4-7

Altars:
Cheibriados
Qazlal
Xom

Shops:
D:4 *[   D:6 ?

Annotations:
D:7 Maggie


Innate Abilities, Weirdness & Mutations

You are immune to sickness and miasma.
You are immune to poison.
Your flesh is very heat resistant. (rF++)
You are vulnerable to cold. (rC-)
You float through the air rather than walking.
You learn spells naturally, not from books.
Your magical power is your life essence.
You have superior vitality. (+4 MHP)


Message History

The killer bee stings you. The killer bee barely misses you.
The killer bee barely misses you. The killer bee closely misses you.
The killer bee attacks as you move away!
The killer bee stings you. x3
The killer bee stings you. x2
* * * LOW HITPOINT WARNING * * *
The killer bee attacks as you move away!
The killer bee closely misses you.
The killer bee attacks as you move away!
The killer bee barely misses you. x3
The killer bee attacks as you move away!
The killer bee stings you.
* * * LOW HITPOINT WARNING * * *
The killer bee attacks as you move away!
The killer bee stings you but does no damage.
The killer bee barely misses you.
The killer bee attacks as you move away!
The killer bee barely misses you. The killer bee completely misses you.
The killer bee attacks as you move away!
The killer bee stings you!
* * * LOW HITPOINT WARNING * * *
The killer bee stings you but does no damage.
You feel much better. The killer bee stings you.
The killer bee barely misses you. The killer bee barely misses you.
The killer bee closely misses you. The killer bee stings you.
The killer bee stings you!
* * * LOW HITPOINT WARNING * * *
The killer bee stings you but does no damage.
The killer bee attacks as you move away!
The killer bee stings you.
* * * LOW HITPOINT WARNING * * *
The killer bee closely misses you.
There is a stone staircase leading up here.
The killer bee stings you!
* * * LOW HITPOINT WARNING * * *
The killer bee stings you!
* * * LOW HITPOINT WARNING * * *
The killer bee barely misses you. x2; The killer bee stings you.
You die...

##############
#............+
#............# .
#............# .#
#............##..#
#.......y........
#####.###†...##.
#@y##.###....#
#yy.#...#....#
#y..#y..#.y.....
#...#.@.#y........
#...#.y.#.........
#..@#...#..@......
#..#..#####..###..
####### .!# ##


You could see Maggie and 4 killer bees.

Vanquished Creatures
  A troll (D:5)
  3 ice beasts (D:5)
  3 black bears
  A centaur (D:6)
  A phantom (D:6)
  A kobold brigand (Sewer)
  2 scorpions (D:6)
  5 wights (D:6)
  2 killer bees (D:7)
  A jelly (D:3)
  3 hounds
  Ijyb (D:3)
  An iguana (D:6)
  2 orc wizards (D:5)
  Robin (D:2)
  13 adders
  4 gnolls (D:3)
  2 river rats (Sewer)
  3 white imps
  An ufetubus (D:5)
  2 worms
  3 dart slugs
  21 orcs
  12 ball pythons
  7 endoplasms
  2 giant cockroaches
  13 goblins
  9 hobgoblins
  14 jackals
  4 quokkas
  4 bats
  10 frilled lizards
  7 kobolds
  13 rats
172 creatures vanquished.

Vanquished Creatures (others)
  18 plants (Sewer)
18 creatures vanquished.

Grand Total: 190 creatures vanquished

Notes
Turn   | Place    | Note
-------+----------+-------------------------------------------
     0 | D:1      | CungeonDrawl the Djinni Air Elementalist began the quest
                  | for the Orb.
     0 | D:1      | CungeonDrawl set off with the following spells memorised:
                  | Shock, Static Discharge, Swiftness, Airstrike.
     0 | D:1      | Reached XP level 1. HP: 15/15 MP: 0/0
    19 | D:1      | You are sucked into a shaft and drop 1 floor!
   229 | D:1      | Reached XP level 2. HP: 18/21 MP: 0/0
   796 | D:1      | Reached skill level 3 in Spellcasting
   894 | D:1      | Reached XP level 3. HP: 24/25 MP: 0/0
   894 | D:1      | Learned a level 1 spell: Beastly Appendage
  1507 | D:2      | Reached XP level 4. HP: 30/31 MP: 0/0
  1977 | D:2      | Noticed Robin
  1983 | D:2      | Killed Robin
  2337 | D:3      | Found a snail-covered altar of Cheibriados.
  2423 | D:3      | Reached skill level 4 in Spellcasting
  2505 | D:3      | Reached XP level 5. HP: 29/35 MP: 0/0
  2505 | D:3      | Learned a level 2 spell: Blink
  2642 | D:3      | Noticed Ijyb
  2676 | D:3      | Killed Ijyb
  3196 | D:3      | Found a stormy altar of Qazlal.
  3230 | D:3      | Reached XP level 6. HP: 19/40 MP: 0/0
  3681 | D:3      | Reached skill level 5 in Spellcasting
  4357 | D:4      | Found Joaqukhith's General Store.
  4372 | D:4      | Bought a scroll of identify for 22 gold pieces
  4372 | D:4      | Bought a scroll of immolation for 44 gold pieces
  4372 | D:4      | Bought a scroll of amnesia for 44 gold pieces
  4522 | D:4      | Found Aklaetis's Armour Shoppe.
  4802 | D:4      | Bought a potion of invisibility for 88 gold pieces
  4813 | D:5      | Entered Level 5 of the Dungeon
  4833 | D:5      | Reached skill level 1 in Fighting
  5194 | D:5      | Found a glowing drain.
  5199 | Sewer    | Entered a sewer
  5258 | Sewer    | Reached XP level 7. HP: 18/49 MP: 0/0
  5258 | Sewer    | Learned a level 3 spell: Summon Guardian Golem
  6402 | D:5      | Noticed a troll
  6412 | D:5      | Killed a troll
  6412 | D:5      | HP: 2/50 [/static electricity (2)]
  6413 | D:5      | Reached skill level 5 in Fighting
  6703 | D:5      | Reached XP level 8. HP: 50/59 MP: 0/0
  7562 | D:5      | Reached skill level 6 in Spellcasting
  7695 | D:5      | Found a shimmering altar of Xom.
  8463 | D:6      | Reached skill level 7 in Spellcasting
  8854 | D:6      | Reached XP level 9. HP: 57/65 MP: 0/0
  8854 | D:6      | Learned a level 3 spell: Confusing Touch
  9312 | D:6      | Reached skill level 8 in Spellcasting
  9476 | D:6      | Found Lableg's Magic Scroll Shoppe.
  9904 | D:7      | Noticed Maggie
  9927 | D:7      | HP: 1/66 [killer bee (7)]
  9927 | D:7      | Slain by a killer bee

Illustrated notes

Levels and vault maps discovered:
D:1:      dpeg_arrival_round_b, layout_loops_ring, reono_crystal_passage
D:2:      layout_loops_ring, minivault_19, uniq_robin
D:3:      layout_loops_cross, cheibriados_altar_1, mainiacjoe_overflow_alcove_4,
          minmay_joined_circles, uniq_ijyb
D:4:      layout_rooms, mainiacjoe_overflow_paths, serial_shops,
          nicolae_shop_window_shopping, shop
D:5:      layout_basic, mainiacjoe_overflow_alcove_2, portal_sewer_entry_e
D:6:      layout_loops_corners, serial_shops, nicolae_inconvenience_store,
          hangedman_decor_diamond_cutter, minmay_stone_trees_small
D:7:      layout_gridville, minmay_temple_entry_overgrown, ebering_ghost_xom,
          kennysheep_generic_room_6, uniq_maggie

Skill      XL: |  1  2  3  4  5  6  7  8  9 |
---------------+----------------------------+-----
Spellcasting   | 3 4 5 7 8 |  8.0
Fighting       | 2 5 6 |  6.1
Dodging        | |  2.3
Stealth        | |  1.7

Action                   |  1- 3 |  4- 6 |  7- 9 || total
-------------------------+-------+-------+-------++-------
Melee: Unarmed           |       |     2 |    13 ||    15
 Cast: Shock             |    58 |   182 |   107 ||   347
       Static Discharge  |       |     9 |    14 ||    23
       Airstrike         |       |       |    31 ||    31
       Summon Guardian G |       |       |     1 ||     1
Evoke: Wand              |       |       |     1 ||     1
  Use: Scroll            |       |     2 |     4 ||     6
       Potion            |       |       |     3 ||     3
Armor: Robe              |       |     2 |     8 ||    10
Dodge: Dodged            |     2 |     7 |    37 ||    46
